Map: Deathaura LE

Players

Bunny

  • Race: Terran Terran
  • Spawn Location: 5:00

LiquidClem (Clem) - Winner!

  • Race: Terran Terran
  • Spawn Location: 11:00

VOD

Have the link to the VOD?

Description

Time

  • Played on: Jan. 16, 2021, 1:51 p.m.
  • Length: 21:33
Show
View Real Time Build Order
Export as new Build Order

Bunny Terran 

Build Orders:  

Get SALT Encoding   

  12  0:00  SCV  
  13  0:12  SCV  
  14  0:17  Supply Depot  
  14  0:24  SCV  
  15  0:38  SCV  
  15  0:39  Barracks  
  16  0:43  Refinery  
  16  0:50  SCV  
  16  0:52  Refinery  
  17  1:02  SCV  
  18  1:15  SCV  
  19  1:26  Reaper  
  19  1:27  Orbital Command  
  19  1:28  Supply Depot  
  20  1:41  Factory  
  20  1:52  SCV  
  21  1:59  Reaper  
  22  2:04  SCV  
  23  2:14  Command Center  
  23  2:17  SCV  
  24  2:25  Hellion  
  24  2:29  SCV  
  27  2:32  Barracks Reactor  
  27  2:35  Supply Depot  
  27  2:41  SCV  
  28  2:46  Factory Tech Lab  
  28  2:49  Starport  
  28  2:53  SCV  
  32  3:05  Cyclone, SCV  
  32  3:08  Marine x2  
  35  3:17  SCV  
  36  3:25  Starport Tech Lab  
  36  3:26  Marine x2  
  38  3:27  Orbital Command  
  38  3:30  SCV  
  39  3:42  SCV  
  39  3:45  Raven, Refinery  
  39  3:46  Marine x2  
  44  3:53  SCV  
  44  3:54  SCV  
  46  3:59  Supply Depot  
  46  4:05  Siege Tank  
  46  4:06  SCV x2  
  51  4:22  Marine x2  
  51  4:23  Command Center  
  48  4:25  SCV x2  
  48  4:27  Refinery  
  50  4:31  Raven  
  50  4:37  SCV x2  
  54  4:39  Supply Depot, Marine x2  
  56  4:48  Siege Tank  
  56  4:49  SCV  
  56  4:50  SCV  
  61  4:59  Supply Depot  
  61  5:01  SCV, Marine x2  
  61  5:02  SCV  
  61  5:04  Supply Depot  
  65  5:14  Supply Depot, SCV x2  
  67  5:20  Siege Tank  
  70  5:26  Viking x2  
  74  5:29  Marine  
  74  5:30  Stimpack  
  74  5:31  SCV  
  74  5:33  SCV  
  75  5:38  Orbital Command  
  75  5:46  Supply Depot  
  75  5:47  SCV, Marine  
  75  5:48  SCV  
  78  5:52  Siege Tank  
  78  5:56  Viking  
  83  5:57  Orbital Command, Viking  
  85  6:05  SCV x2, Marine  
  88  6:13  Barracks  
  88  6:16  Barracks  
  88  6:17  SCV x2  
  89  6:22  Marine  
  91  6:25  Siege Tank  
  91  6:27  Viking x2  
  91  6:29  SCV  
  91  6:30  SCV  
  91  6:31  SCV  
  98  6:40  Engineering Bay  
  98  6:41  Engineering Bay, SCV  
  98  6:43  SCV, Marine  
  101  6:55  SCV  
  101  6:56  SCV x2, Viking  
  101  6:57  Viking  
  101  7:11  SCV  
  101  7:12  SCV x2  
  101  7:13  Barracks Reactor x2  
  102  7:18  Combat Shield, Siege Tank  
  101  7:22  Marine  
  101  7:23  Barracks  
  101  7:24  Barracks  
  101  7:26  Medivac, SCV  
  101  7:27  Medivac, SCV x2  
  103  7:38  Refinery  
  103  7:39  Refinery  
  103  7:40  Sensor Tower, Marine  
  103  7:41  Terran Infantry Weapons Level 1  
  103  7:43  SCV x3  
  107  7:51  Marine x3  
  106  7:52  Marine  
  106  7:54  Terran Infantry Armor Level 1  
  106  7:57  SCV x3  
  113  8:00  Supply Depot  
  113  8:05  Supply Depot  
  113  8:08  Command Center  
  113  8:10  Marine x3  
  113  8:12  Barracks Reactor x2  
  116  8:23  Supply Depot  
  116  8:24  Supply Depot, Siege Tank  
  116  8:25  Marine x2  
  121  8:27  Marine  
  121  8:28  Marine  
  121  8:31  Medivac x2  
  127  8:35  Supply Depot  
  127  8:36  Marine  
  127  8:37  Armory  
  128  8:43  SCV x3, Marine x2  
  128  8:48  Marine x3  
  133  8:49  Marine x3  
  133  8:54  Marine  
  140  8:57  Siege Tank  
  140  8:58  Supply Depot  
  140  8:59  Supply Depot  
  140  9:01  Supply Depot  
  140  9:02  Marine x2  
  145  9:06  Marine x3  
  145  9:07  Medivac x2  
  145  9:09  Marine  
  152  9:10  Marine x2  
  152  9:12  Marine  
  155  9:20  Supply Depot, SCV x3  
  155  9:21  Factory  
  155  9:22  Supply Depot  
  158  9:28  Marine  
  158  9:29  Marine x7  
  161  9:38  Siege Tank  
  161  9:40  Terran Infantry Weapons Level 2  
  164  9:50  Planetary Fortress  
  159  9:54  Marine x8  
  159  9:55  Marine  
  167  10:07  Factory Tech Lab  
  167  10:10  Siege Tank  
  167  10:11  Marine  
  167  10:12  Marine x7  
  167  10:13  Marine  
  178  10:18  Barracks  
  178  10:19  Barracks x2  
  178  10:20  Terran Infantry Armor Level 2, Sensor Tower  
  178  10:21  Missile Turret  
  178  10:22  Missile Turret  
  178  10:24  Missile Turret  
  178  10:29  Marine x2  
  178  10:30  Marine x6  
  178  10:31  Siege Tank, Marine  
  190  10:35  Terran Vehicle Weapons Level 1  
  193  10:42  Missile Turret, Siege Tank  
  193  10:43  Missile Turret  
  193  10:44  Missile Turret  
  193  10:47  Marine x4  
  193  10:48  Marine x3  
  195  11:11  Siege Tank  
  195  11:13  SCV  
  195  11:14  SCV x3  
  195  11:15  Barracks Reactor x3  
  195  11:16  Marine x3  
  199  11:23  Command Center  
  199  11:25  SCV  
  199  11:27  Command Center  
  200  11:43  Starport  
  200  11:45  Starport  
  200  11:53  Refinery x2  
  200  12:04  Terran Infantry Weapons Level 3  
  199  12:21  Missile Turret  
  199  12:23  Starport  
  199  12:24  Starport  
  198  12:31  Starport Tech Lab  
  198  12:32  Starport Tech Lab  
  198  12:49  Marine x3  
  198  12:50  Marine x12  
  198  12:51  Siege Tank x2  
  158  12:52  Viking x2  
  158  12:54  Viking  
  158  12:55  Viking  
  139  13:07  Marine x9  
  139  13:08  Marine  
  139  13:11  Starport Reactor, Corvid Reactor  
  139  13:12  Starport Tech Lab  
  149  13:15  Marine  
  149  13:16  Marine x4  
  154  13:22  Command Center, Viking x2  
  154  13:23  Siege Tank x2  
  154  13:24  Raven x2  
  154  13:25  SCV x2, Marine x6  
  154  13:26  SCV x2  
  178  13:33  Marine x5  
  178  13:34  Marine x3  
  184  13:37  SCV  
  181  13:43  Raven  
  183  13:49  Viking  
  183  13:53  Terran Infantry Armor Level 3  
  185  13:55  Marine  
  185  13:56  Marine  
  184  14:07  Raven x2  
  184  14:08  Marine x7  
  184  14:09  Marine x4  
  184  14:21  Siege Tank x2  
  190  14:24  Orbital Command  
  190  14:26  Raven, Marine x3  
  190  14:30  Marine  
  189  14:40  Marine x4  
  189  14:42  Marine  
  189  14:44  Marine  
  192  14:48  Marine x2  
  192  14:50  Raven  
  180  14:57  Siege Tank, Marine x3  
  176  15:04  Medivac  
  173  15:15  Siege Tank  
  173  15:17  Marine x2  
  173  15:18  Marine  
  179  15:23  Marine x4  
  183  15:29  Siege Tank  
  183  15:30  Marine  
  183  15:31  Marine x4  
  187  15:46  Marine x4  
  187  15:47  Siege Tank  
  192  15:50  Planetary Fortress  
  162  15:57  Marine x5  
  162  16:01  Siege Tank  
  133  16:06  Marine x5  
  133  16:08  Marine  
  130  16:16  Marine x5  
  132  16:20  Raven  
  132  16:21  Raven  
  135  16:29  Marine  
  135  16:30  Marine x6  
  136  16:37  Marine  
  136  16:38  Marine x4  
  141  16:45  Siege Tank  
  141  16:46  Siege Tank  
  147  16:48  SCV  
  147  16:52  Marine x3  
  151  16:54  Marine  
  151  16:55  Marine  
  151  16:59  SCV x3  
  151  17:00  SCV x2  
  158  17:10  Marine x4  
  158  17:11  Marine x6  
  158  17:12  SCV  
  169  17:15  Marine  
  169  17:16  Marine x2  
  169  17:22  Siege Tank  
  175  17:24  SCV, Siege Tank  
  175  17:27  Marine  
  155  17:45  Marine x13  
  168  17:54  Siege Tank  
  165  18:01  Marine x2  
  165  18:02  Marine  
  165  18:03  Marine x12  
  175  18:07  Siege Tank  
  156  18:28  Viking  
  156  18:29  Viking x2  
  156  18:30  Raven x3  
  156  18:33  Marine x7  
  173  18:38  Siege Tank  
  174  18:49  Marine  
  174  18:50  Marine x7  
  174  18:51  Marine  
  174  18:52  Marine x2  
  185  19:00  Siege Tank  
  185  19:03  Marine x4  
  185  19:07  Marine  
  190  19:10  Marine  
  190  19:11  Marine x3  
  187  19:28  Siege Tank  
  187  19:32  Siege Tank, Marine x8  
  191  19:39  Marine  
  176  19:46  Raven x2  
  180  19:54  Sensor Tower  
  180  19:58  Marine x6  
  180  19:59  Marine x2  
  188  20:01  Marine  
  187  20:13  Medivac x2  
  191  20:14  Raven  
  191  20:17  Marine  
  191  20:18  Marine  
  191  20:19  Marine  
  196  20:28  Medivac x2  
  198  20:29  Raven  
  199  20:48  Siege Tank x2  
  197  20:52  Marine x3  
  197  20:53  Marine x2  
  140  21:13  Marine x10  
Show
View Real Time Build Order
Export as new Build Order

LiquidClem Terran - Winner!

Build Orders:  

Get SALT Encoding   

  12  0:00  SCV  
  13  0:12  SCV  
  14  0:17  Supply Depot  
  14  0:24  SCV  
  15  0:38  SCV  
  15  0:39  Barracks  
  16  0:43  Refinery  
  16  0:50  SCV  
  16  0:52  Refinery  
  17  1:02  SCV  
  18  1:15  SCV  
  19  1:26  Reaper  
  19  1:27  Supply Depot, Orbital Command  
  20  1:41  Factory  
  20  1:52  SCV  
  21  1:58  Reaper  
  22  2:04  SCV  
  23  2:15  Command Center  
  23  2:17  SCV  
  24  2:25  Hellion  
  27  2:30  SCV  
  27  2:35  Barracks Reactor  
  27  2:38  Starport  
  27  2:43  SCV  
  28  2:46  Widow Mine  
  28  2:49  Supply Depot  
  30  2:55  SCV  
  31  3:07  Factory Tech Lab  
  31  3:10  SCV  
  31  3:12  Marine x2  
  32  3:16  Starport Tech Lab  
  34  3:21  Refinery  
  34  3:22  SCV  
  35  3:27  Orbital Command  
  35  3:29  Cyclone  
  38  3:35  SCV  
  38  3:36  Marine x2  
  41  3:45  Raven  
  41  3:47  SCV  
  44  3:50  Supply Depot  
  44  3:53  SCV  
  45  3:58  Marine x2  
  45  3:59  SCV  
  48  4:05  SCV  
  48  4:07  Siege Tank  
  52  4:11  SCV  
  52  4:17  SCV  
  52  4:18  Marine x2  
  52  4:23  SCV  
  56  4:25  Supply Depot  
  56  4:29  SCV  
  57  4:35  SCV  
  57  4:38  Command Center  
  58  4:41  SCV  
  58  4:42  Viking  
  61  4:47  Viking  
  61  4:50  SCV  
  64  4:53  Siege Tank  
  64  4:55  SCV  
  64  4:58  Supply Depot  
  68  5:01  Stimpack  
  68  5:05  SCV  
  69  5:08  SCV  
  70  5:17  Refinery  
  70  5:20  Viking x2  
  70  5:21  Supply Depot, SCV  
  75  5:23  SCV  
  75  5:24  Marine  
  76  5:33  Supply Depot, SCV  
  76  5:35  SCV  
  78  5:42  Marine  
  78  5:43  Siege Tank  
  78  5:46  SCV  
  78  5:47  Barracks  
  78  5:48  Barracks  
  83  5:50  Viking  
  83  5:53  Viking  
  83  5:55  SCV  
  85  6:00  Marine  
  85  6:02  SCV  
  87  6:06  Supply Depot  
  87  6:07  SCV  
  87  6:10  Engineering Bay  
  88  6:11  Engineering Bay  
  88  6:18  SCV, Marine  
  89  6:20  SCV x2  
  90  6:27  Siege Tank  
  90  6:30  SCV  
  90  6:32  SCV, Viking  
  97  6:36  Orbital Command, Marine  
  98  6:40  Viking  
  98  6:42  Barracks Reactor  
  98  6:44  Barracks Reactor  
  98  6:45  SCV  
  98  6:47  SCV  
  102  6:48  Terran Infantry Weapons Level 1  
  102  6:52  Terran Infantry Armor Level 1  
  102  6:56  Supply Depot  
  102  6:57  SCV  
  102  6:59  SCV, Marine  
  104  7:08  Siege Tank  
  100  7:09  SCV  
  100  7:10  SCV  
  100  7:11  SCV  
  100  7:13  Viking  
  100  7:14  Viking  
  103  7:17  Marine  
  103  7:18  Marine  
  103  7:21  SCV  
  103  7:22  SCV  
  107  7:24  Marine x2  
  107  7:26  SCV, Marine  
  108  7:33  Combat Shield  
  108  7:34  SCV, Marine  
  111  7:37  Barracks x2  
  111  7:38  SCV  
  111  7:42  Refinery  
  111  7:43  Supply Depot, SCV, Marine  
  111  7:44  Refinery, Marine  
  113  7:46  SCV  
  113  7:48  Siege Tank  
  118  7:52  Medivac x2  
  118  7:54  Marine  
  118  7:57  Marine x2  
  118  7:58  Supply Depot  
  123  8:08  Command Center  
  123  8:10  Marine x2  
  125  8:15  Marine  
  125  8:17  Sensor Tower  
  126  8:20  Armory  
  126  8:21  Siege Tank  
  126  8:24  Barracks Reactor x2  
  126  8:26  Marine x2  
  131  8:31  Marine x2  
  131  8:32  Supply Depot  
  131  8:33  Marine  
  134  8:36  SCV x2  
  134  8:37  SCV  
  134  8:39  Medivac x2  
  141  8:50  Supply Depot  
  141  8:51  Supply Depot  
  141  8:53  Supply Depot, Marine x3  
  144  8:55  Factory  
  144  8:57  Factory  
  144  8:58  Siege Tank, Marine  
  146  9:03  Marine  
  146  9:04  Barracks Reactor, Marine  
  146  9:07  Terran Infantry Weapons Level 2  
  146  9:08  Supply Depot  
  146  9:09  Supply Depot  
  147  9:10  Marine x2  
  147  9:12  Marine x3  
  147  9:15  Terran Infantry Armor Level 2  
  147  9:16  Marine  
  153  9:20  Supply Depot  
  153  9:21  Marine x2  
  155  9:25  Liberator x2  
  155  9:29  SCV x2  
  155  9:30  SCV  
  164  9:32  Terran Vehicle Weapons Level 1  
  164  9:36  Marine  
  164  9:37  Marine  
  166  9:42  Siege Tank, Marine x5  
  166  9:43  Marine  
  166  9:45  Marine x2  
  176  9:51  Planetary Fortress  
  175  9:54  SCV x2, Marine x2  
  175  9:58  SCV  
  178  10:02  Siege Tank, Marine x4  
  178  10:05  Marine  
  186  10:13  Marine x3  
  186  10:15  Marine x2  
  186  10:16  Siege Tank  
  186  10:19  Marine  
  186  10:20  Viking x2, Marine  
  197  10:27  Marine  
  197  10:28  Marine  
  197  10:29  Marine  
  197  10:31  Marine  
  197  10:32  Command Center  
  200  10:35  Refinery  
  200  10:36  Refinery  
  200  10:51  Starport  
  200  10:53  Starport  
  200  10:57  Command Center  
  200  10:58  Missile Turret  
  200  11:08  Missile Turret  
  200  11:16  Siege Tank  
  197  11:19  Marine x3  
  200  11:25  Command Center  
  200  11:26  Missile Turret  
  200  11:28  Missile Turret  
  200  11:31  Terran Infantry Weapons Level 3, Terran Vehicle Weapons Level 2  
  200  11:32  Barracks  
  200  11:33  Barracks  
  200  11:34  Barracks  
  200  11:37  Starport Tech Lab x2  
  200  11:44  Command Center  
  200  11:52  Terran Infantry Armor Level 3  
  200  11:56  Sensor Tower  
  200  12:00  Command Center  
  199  12:06  Corvid Reactor  
  198  12:08  Raven  
  198  12:13  Planetary Fortress  
  200  12:21  Barracks Reactor x2  
  200  12:22  Barracks Reactor  
  198  12:38  Raven  
  199  12:47  Siege Tank, Marine x3  
  199  12:48  Marine  
  199  12:51  Siege Tank  
  169  12:52  Marine x3  
  169  12:53  Marine x3  
  169  12:55  Raven  
  169  12:56  Medivac x2  
  169  12:57  Marine  
  163  12:58  Orbital Command  
  163  13:00  Command Center  
  163  13:03  SCV  
  163  13:05  SCV x3, Marine x3  
  171  13:06  Missile Turret, Orbital Command, Marine  
  171  13:07  Orbital Command  
  171  13:11  Marine x2  
  171  13:12  Marine x2  
  175  13:18  Marine  
  175  13:19  Siege Tank  
  179  13:21  Raven  
  179  13:23  Marine x6  
  179  13:26  SCV  
  188  13:28  Siege Tank  
  188  13:34  Marine x2  
  192  13:37  Raven  
  192  13:39  Marine x5  
  200  13:47  Terran Vehicle And Ship Armor Level 1  
  200  13:53  Command Center  
  200  13:54  Refinery x2  
  200  13:55  Missile Turret  
  200  14:03  Raven  
  200  14:05  Siege Tank  
  200  14:08  Siege Tank  
  200  14:09  Marine x9  
  169  14:10  Marine  
  169  14:11  Marine  
  170  14:20  Raven  
  169  14:24  Marine  
  169  14:30  Marine x13  
  183  14:31  Marine x2  
  183  14:37  Siege Tank  
  185  14:40  Siege Tank  
  185  14:42  Marine  
  189  14:46  Raven  
  189  14:47  Marine  
  189  14:48  Marine x10  
  189  14:50  Marine  
  189  14:51  Marine  
  191  14:53  Marine  
  191  14:54  Marine  
  190  15:00  Marine  
  190  15:01  Starport  
  190  15:04  Viking x2  
  190  15:05  Marine x2  
  190  15:07  Marine x2  
  190  15:10  Siege Tank  
  190  15:13  Marine x3  
  190  15:14  Marine  
  199  15:21  Command Center  
  199  15:33  Sensor Tower  
  196  15:41  Siege Tank, Marine x3  
  196  15:42  Raven x2  
  186  15:43  Marine x2  
  186  15:44  Siege Tank  
  186  15:45  Marine  
  186  15:46  Marine x4  
  186  15:47  Orbital Command  
  186  15:49  Marine x2  
  169  15:59  Marine x2  
  169  16:00  Marine  
  169  16:02  Marine x2  
  169  16:03  Marine  
  169  16:04  Marine  
  142  16:08  Starport Tech Lab, Viking x2  
  139  16:11  Marine x2  
  139  16:13  Siege Tank  
  139  16:14  Marine x3  
  139  16:15  Marine x2  
  139  16:16  Marine  
  140  16:20  Siege Tank  
  140  16:22  Marine x3  
  140  16:24  Marine x2  
  140  16:25  Raven  
  148  16:26  Marine x3  
  148  16:32  Orbital Command  
  153  16:33  Planetary Fortress  
  153  16:36  Unknown  
  153  16:37  Orbital Command  
  153  16:38  Orbital Command  
  150  16:43  Marine x5  
  150  16:44  Marine x2  
  150  16:45  Siege Tank  
  150  16:46  Raven  
  162  16:50  Raven  
  162  16:51  Medivac  
  162  16:52  Medivac  
  162  16:54  Siege Tank  
  171  16:55  Marine x2  
  171  16:57  Marine x3  
  171  16:58  Marine  
  177  17:02  Sensor Tower  
  177  17:08  Marine x3  
  177  17:09  Missile Turret  
  177  17:15  Raven, Marine  
  182  17:16  Marine  
  182  17:18  Siege Tank  
  182  17:19  Marine  
  182  17:21  Medivac  
  182  17:22  Medivac  
  192  17:29  Raven, Siege Tank, Marine x2  
  199  17:30  Orbital Command  
  199  17:31  Marine  
  199  17:37  Marine x2  
  186  17:41  Raven  
  186  17:42  Marine x4  
  186  17:43  Marine x3  
  158  17:44  Marine x3  
  158  17:50  Siege Tank  
  158  17:51  Medivac, Marine x2  
  164  17:52  Marine x2  
  164  17:56  Medivac  
  164  17:57  Raven, Marine  
  173  18:01  Siege Tank  
  173  18:02  Marine x7  
  183  18:07  Marine  
  183  18:09  Marine x5  
  189  18:13  Orbital Command  
  189  18:16  Marine  
  187  18:22  Siege Tank  
  187  18:25  Marine  
  187  18:26  Marine  
  166  18:28  Marine x4  
  166  18:29  Marine x2  
  166  18:31  Marine x2  
  166  18:33  Siege Tank  
  166  18:34  Raven  
  174  18:36  Raven  
  178  18:41  Marine  
  178  18:46  Marine x2  
  181  18:49  Raven  
  181  18:51  Marine x4  
  181  18:52  Marine x3  
  190  18:58  Siege Tank  
  190  19:04  Marine x6  
  190  19:05  Siege Tank  
  190  19:08  Marine x3  
  196  19:16  Marine x2  
  197  19:21  Marine x2  
  197  19:24  Marine  
  195  19:27  Marine  
  195  19:30  Marine  
  195  19:31  Siege Tank  
  200  19:35  Orbital Command, Marine x2  
  200  19:36  Marine  
  200  19:37  Marine x2  
  200  19:47  Orbital Command  
  200  19:55  Sensor Tower  
  200  19:56  Command Center  
  200  19:57  Orbital Command  
  200  20:11  Siege Tank  
  197  20:14  Marine x2  
  197  20:19  Marine x3  
  199  20:24  Raven  
  199  20:28  Siege Tank  
  196  20:46  Raven x2  
  196  20:47  Marine x2  
  196  20:48  Marine  
  199  20:55  Marine  
  200  21:02  Marine x2  
  195  21:13  Marine x2  
  195  21:14  Marine  
  195  21:15  Marine  
Tags
 
Add a new tag
Caveats
  • Supply blocks, unpowered buildings, or Contaminate may cause inaccurate times.
  • Supply counts are checked every 10 seconds.